 Dungeon Crawl Stone Soup version 0.31-a0-152-g6aa68a64a1 (webtiles) character file.

Game seed: 15229216867457376194

15394 qw the Marksminotaur (level 12, 0/106 HPs)
             Began as a Minotaur Hunter on June 10, 2023.
             Was an Elder of Okawaru.
             Slain by a sixfirhy (9 damage)
             ... in a Gauntlet.
             The game lasted 00:03:45 (9916 turns).

qw the Marksminotaur (Minotaur Hunter)              Turns: 9916, Time: 00:03:46

Health: 0/106      AC: 19    Str: 23    XL:     12   Next: 0%
Magic:  14/15      EV: 21    Int:  6    God:    Okawaru [****..]
Gold:   312        SH:  0    Dex: 18    Spells: 11/11 levels left

rFire   . . .        q - +0 arbalest (heavy)
rCold   . . .        (shield currently unavailable)
rNeg    . . .        m - +0 troll leather armour
rPois   +            r - +2 hat
rElec   .            i - +0 cloak {rPois}
rCorr   .            e - +2 pair of gloves
SInv    .            l - +2 pair of boots
Will    .....        (no amulet)
Stlth   +++          d - +6 ring of strength
HPRegen 1.17/turn    c - +4 ring of protection
MPRegen 0.14/turn

%: no teleportation
@: heroic
A: horns 2, retaliatory headbutt
a: Renounce Religion, Heroism, Finesse


You were in a Gauntlet.
You worshipped Okawaru.
Okawaru was greatly pleased with you.
You visited 2 branches of the dungeon, and saw 12 of its levels.
You also visited: Ossuary and Gauntlet.

You collected 1159 gold pieces.
You spent 847 gold pieces at shops.


Innate Abilities, Weirdness & Mutations

You have a pair of horns on your head.
You reflexively headbutt those who attack you in melee.


   Skills:
 - Level 10.2(15.2) Fighting
 - Level 16.0(21.0) Ranged Weapons
 + Level 3.6(8.6) Armour
 - Level 9.4(14.4) Dodging
 - Level 0.7(5.7) Stealth
 + Level 5.6 Invocations


You had 11 spell levels left.
You didn't know any spells.
Your spell library was empty.

Inventory:

Hand Weapons
 q - a +0 heavy arbalest (weapon)
Armour
 e - a +2 pair of gloves (worn)
 i - a +0 cloak of poison resistance (worn)
 l - a +2 pair of boots (worn)
 m - a +0 troll leather armour (worn)
 r - a +2 hat (worn)
Jewellery
 c - a +4 ring of protection (right hand)
 d - a +6 ring of strength (left hand)
Wands
 o - a wand of digging (8)
Scrolls
 n - a scroll of identify
Potions
 a - a potion of resistance
 b - a potion of mutation
 f - 3 potions of might
 g - 3 potions of cancellation
 h - a potion of curing
 j - a potion of heal wounds
 k - 6 potions of haste
 s - a potion of magic

Dungeon Overview and Level Annotations

Branches:
Dungeon (11/15)            Temple (1/1) D:7            Lair (0/5) D:11
Ossuary (visited)         Gauntlet (1/1)
    Orc: D:9-12

Altars:
Ashenzari
Cheibriados
Dithmenos
Elyvilon
Fedhas
Gozag
Hepliaklqana
Kikubaaqudgha
Makhleb
Nemelex Xobeh
Okawaru
Qazlal
Ru
Sif Muna
Trog
Uskayaw
Vehumet
Wu Jian
Xom
Yredelemnul
Zin
The Shining One

Shops:
D:4 [   D:5 *   D:8 :*[=

Annotations:
D:8 4 runed translucent doors Gauntlet 11 transporters


Message History

You furiously retaliate!
You headbutt the sixfirhy. You shoot a bolt. The bolt misses the sixfirhy.
The sixfirhy hits you but does no damage. x2
You shoot a bolt. The bolt barely misses the sixfirhy.
The sixfirhy misses you. The sixfirhy closely misses you.
The sixfirhy hits you but does no damage. x2
The sixfirhy barely misses you. The sixfirhy hits you! The sixfirhy shocks you!
The sixfirhy hits you but does no damage.
The sixfirhy completely misses you. The sixfirhy closely misses you.
The sixfirhy misses you. The sixfirhy barely misses you.
You furiously retaliate!
You headbutt the sixfirhy. The sixfirhy closely misses you.
The sixfirhy hits you but does no damage.
The sixfirhy completely misses you.
9913 ||| DRINKING 3 potions of heal wounds.
You feel much better.
The sixfirhy hits you but does no damage.
The sixfirhy hits you! The sixfirhy shocks you!
The sixfirhy closely misses you.
The sixfirhy hits you but does no damage.
The sixfirhy barely misses you.
You shoot a bolt. The bolt misses the sixfirhy.
The sixfirhy completely misses you. The sixfirhy hits you!
The sixfirhy shocks you! The sixfirhy barely misses you.
9915 ||| DRINKING 2 potions of heal wounds.
You feel much better. The sixfirhy barely misses you.
The sixfirhy hits you but does no damage.
The sixfirhy closely misses you. You furiously retaliate!
You headbutt the sixfirhy!
The sixfirhy hits you but does no damage.
The sixfirhy barely misses you. The sixfirhy misses you.
You furiously retaliate!
You headbutt the sixfirhy! The sixfirhy completely misses you.
The sixfirhy barely misses you.
You shoot a bolt. The bolt misses the sixfirhy.
The sixfirhy hits you but does no damage. x2
The sixfirhy barely misses you. You furiously retaliate!
You headbutt the sixfirhy. The sixfirhy hits you. The sixfirhy shocks you!
The sixfirhy hits you but does no damage.
The sixfirhy hits you! The sixfirhy shocks you!
You die...

~#~#~#~#¤#....¤¤¤......#¤#~#~#~#~
.............\..8..\.............
...8.....8......^......8.....8...
.¤.^.......###########.......^...
########...#.~...~~..#...########
#..#.#h#...#.~..~..~.#...#.......
.##8#.##...#.~~.~~.~.#...#.##..#.
#8.##.##...#..~333~.~#...#.##^...
#^#^.#.#.8.#~~3~@~..~#.8.#...###.
.#..##.#...#.~.~~~.~.#...#...###.
.###..##...#..~...~~.#...#...###.
#.[^?=##...#.~.~...~.#...#..?^[?2
########...#.~.[^}~.!#...########
.#.^.#.....###########.....#.^.#.
.#.8.#...8....#.^.#....8...#.8.#.
.#.^.#........#...#........#.^.#.
#########.....#.^.#.....#########


You could see 4 sixfirhies.

Vanquished Creatures
  Gastronok (D:9)
  4 two-headed ogres
  3 death yaks (D:11)
  Pikel (D:9)
  A manticore (D:11)
  2 gargoyles (D:11)
  Maurice (D:9)
  2 trolls
  A hornet (D:8)
  2 shadows
  16 yaks
  2 wraiths
  A wyvern (D:9)
  Eustachio (D:5)
  3 steam dragons
  Menkaure (D:5)
  3 acid dragons
  A water moccasin (D:8)
  A black bear (D:6)
  2 sky beasts
  4 ice beasts
  4 centaurs
  2 ogres
  A lemure (D:9)
  3 phantoms
  2 kobold brigands
  2 gnoll sergeants
  7 bullfrogs
  2 scorpions
  6 wights
  3 killer bees (D:11)
  2 howler monkeys (D:6)
  2 jellies
  4 hounds
  3 gnoll boudas (D:6)
  2 orc priests (D:8)
  A sleepcap (D:6)
  Jessica (D:3)
  Ijyb (D:5)
  6 iguanas
  9 orc wizards
  Natasha (D:2)
  9 mummies
  6 adders
  17 gnolls
  3 shadow imps (D:6)
  2 white imps
  4 ufetubi
  31 orcs
  3 ball pythons
  5 bats
  7 endoplasms
  4 giant cockroaches
  10 hobgoblins
  5 quokkas
  2 frilled lizards
  2 goblins (D:1)
  4 hobgoblin zombies (Ossuary)
  16 kobolds
  3 kobold zombies (Ossuary)
  An orc zombie (Ossuary)
  7 rats
258 creatures vanquished.

Vanquished Creatures (others)
  An adder (D:6)
1 creature vanquished.

Grand Total: 259 creatures vanquished

Notes
Turn   | Place    | Note
-------+----------+-------------------------------------------
     0 | D:1      | qw the Minotaur Hunter began the quest for the Orb.
     0 | D:1      | Reached XP level 1. HP: 18/18 MP: 0/0
     0 | D:1      | 0 ||| qw: Version: 0.2-a-122-gbc61b45
     0 | D:1      | 0 ||| qw: Game counter: 3543
     0 | D:1      | 0 ||| qw: Always use a shield: true
     0 | D:1      | 0 ||| qw: God list: Okawaru
     0 | D:1      | 0 ||| qw: Allow faded altars: false
     0 | D:1      | 0 ||| qw: Do Orc after D:15 true
     0 | D:1      | 0 ||| qw: Do second Lair branch before Depths: true
     0 | D:1      | 0 ||| qw: Lair rune preference: random
     0 | D:1      | 0 ||| qw: Plans: Normal
     0 | D:1      | 0 ||| PLANNING D:1-11
    79 | D:1      | Reached XP level 2. HP: 25/25 MP: 1/1
   173 | D:1      | Reached skill level 5 in Ranged Weapons
   396 | D:1      | Reached skill level 3 in Fighting
   909 | D:1      | 909 ||| UPGRADING to +6 ring of strength.
   910 | D:1      | 910 ||| READING scroll labelled FUTTE LAUREUDI.
   911 | D:1      | 911 ||| DROPPING scroll of butterflies.
   975 | D:2      | Reached XP level 3. HP: 31/31 MP: 2/2
  1084 | D:2      | Found a faded altar of an unknown god.
  1186 | D:2      | Noticed Natasha
  1489 | D:2      | Killed Natasha
  1552 | D:2      | 1552 ||| UPGRADING to +0 ring mail.
  1562 | D:2      | 1562 ||| DROPPING +0 leather armour.
  1563 | D:2      | 1563 ||| READING scroll labelled DENUFA LYNG.
  1564 | D:2      | 1564 ||| READING scroll labelled UNNUIL YWNI.
  1610 | D:3      | Noticed Jessica
  1613 | D:3      | Killed Jessica
  1614 | D:3      | Reached skill level 1 in Armour
  1614 | D:3      | Reached XP level 4. HP: 38/38 MP: 3/3
  1617 | D:3      | 1617 ||| FLEEEEING.
  1623 | D:3      | Reached skill level 6 in Ranged Weapons
  1811 | D:3      | Reached XP level 5. HP: 45/45 MP: 4/4
  2020 | D:3      | 2020 ||| UPGRADING to +0 pair of boots.
  2025 | D:3      | 2025 ||| UPGRADING to +4 ring of protection.
  2026 | D:3      | 2026 ||| READING scroll labelled MOLIUP VUCALAISUSI.
  2027 | D:3      | 2027 ||| READING scroll labelled YSOAJUQ GOYS.
  2028 | D:3      | 2028 ||| READING scroll labelled GEHOEG WUGINN.
  2029 | D:3      | 2029 ||| DRINKING 2 coppery potions.
  2030 | D:3      | 2030 ||| DRINKING 2 silvery potions.
  2031 | D:3      | 2031 ||| DRINKING 2 green potions.
  2032 | D:3      | 2032 ||| DROPPING potion of attraction.
  2064 | D:4      | 2064 ||| PLANNING OSSUARY
  2087 | D:4      | Found a sand-covered staircase.
  2097 | Ossuary  | Entered an ossuary
  2136 | Ossuary  | 2136 ||| FLEEEEING.
  2137 | Ossuary  | 2137 ||| FLEEEEING.
  2138 | Ossuary  | 2138 ||| FLEEEEING.
  2139 | Ossuary  | 2139 ||| FLEEEEING.
  2140 | Ossuary  | 2140 ||| FLEEEEING.
  2334 | Ossuary  | Reached skill level 7 in Ranged Weapons
  2348 | Ossuary  | 2348 ||| READING scroll of enchant armour.
  2348 | Ossuary  | 2348 ||| ENCHANTING +0 pair of boots.
  2371 | Ossuary  | 2371 ||| READING scroll of enchant weapon.
  2371 | Ossuary  | 2371 ||| ENCHANTING +1 shortbow.
  2405 | Ossuary  | Reached XP level 6. HP: 52/52 MP: 5/5
  2450 | Ossuary  | 2450 ||| READING scroll labelled XYSOZI IDDUOS.
  2451 | Ossuary  | 2451 ||| DRINKING 2 lumpy golden potions.
  2452 | Ossuary  | 2452 ||| DRINKING 2 emerald potions.
  2453 | Ossuary  | 2453 ||| DRINKING 3 puce potions.
  2454 | Ossuary  | 2454 ||| DRINKING 3 red potions.
  2455 | Ossuary  | 2455 ||| READING 3 scrolls of identify.
  2455 | Ossuary  | 2455 ||| IDENTIFYING bubbling puce potion
  2456 | Ossuary  | 2456 ||| READING 2 scrolls of identify.
  2456 | Ossuary  | 2456 ||| IDENTIFYING orange potion
  2457 | Ossuary  | 2457 ||| DROPPING potion of enlightenment.
  2458 | Ossuary  | 2458 ||| DROPPING 2 potions of degeneration.
  2482 | D:4      | 2482 ||| PLANNING D:1-11
  2518 | D:4      | Found Zin's Purification Station.
  2518 | D:4      | Found a glowing silver altar of Zin.
  2526 | D:4      | 2526 ||| BUYING potion of curing (90 gold).
  2526 | D:4      | Bought a potion of curing for 90 gold pieces
  2559 | D:4      | 2559 ||| READING scroll of enchant armour.
  2559 | D:4      | 2559 ||| ENCHANTING +1 pair of boots.
  2584 | D:4      | Noticed an ice beast
  2589 | D:4      | Killed an ice beast
  2602 | D:4      | 2602 ||| DRINKING 3 potions of curing.
  2602 | D:4      | 2602 ||| (to cure confusion)
  2606 | D:4      | Reached skill level 8 in Ranged Weapons
  2733 | D:4      | 2733 ||| DRINKING 2 potions of curing.
  2733 | D:4      | 2733 ||| (to cure confusion)
  2740 | D:4      | Reached XP level 7. HP: 60/61 MP: 6/6
  2771 | D:4      | Found Acioh's Antique Armour Boutique.
  2779 | D:4      | 2779 ||| BUYING runed robe (111 gold).
  2779 | D:4      | Bought a runed robe for 111 gold pieces
  2779 | D:4      | 2779 ||| SHOPLISTING shiny troll leather armour (540 gold,
                  | have 124).
  3012 | D:4      | Reached skill level 3 in Dodging
  3228 | D:4      | 3228 ||| UPGRADING to +2 robe of the Archmagi.
  3238 | D:4      | 3238 ||| DROPPING +0 ring mail.
  3239 | D:4      | 3239 ||| DROPPING ring of magical power.
  3240 | D:4      | 3240 ||| READING scroll labelled FYHETI OPNELUPS.
  3341 | D:4      | 3341 ||| DRINKING 3 bubbling silvery potions.
  3375 | D:4      | 3375 ||| DROPPING 2 potions of lignification.
  3415 | D:5      | Entered Level 5 of the Dungeon
  3475 | D:5      | Found Ucit's General Store.
  3478 | D:5      | 3478 ||| BUYING potion of haste (120 gold).
  3478 | D:5      | Bought a potion of haste for 120 gold pieces
  3478 | D:5      | 3478 ||| SHOPLISTING potion of heal wounds (60 gold, have
                  | 23).
  3478 | D:5      | 3478 ||| SHOPLISTING potion of mutation (96 gold, have 23).
  3642 | D:5      | Reached skill level 9 in Ranged Weapons
  3658 | D:5      | Noticed Eustachio
  3679 | D:5      | Killed Eustachio
  3680 | D:5      | Reached skill level 6 in Fighting
  3680 | D:5      | Reached XP level 8. HP: 66/70 MP: 7/7
  3877 | D:5      | 3877 ||| SWAPPING to +0 arbalest.
  3878 | D:5      | 3878 ||| DROPPING +2 shortbow.
  3906 | D:5      | Noticed Ijyb
  3909 | D:5      | Killed Ijyb
  4139 | D:5      | Noticed Menkaure
  4143 | D:5      | Killed Menkaure
  4144 | D:5      | Reached skill level 10 in Ranged Weapons
  4521 | D:5      | 4521 ||| UPGRADING to +0 pair of gloves.
  4526 | D:5      | 4526 ||| READING scroll labelled BAFASO OWOBILO.
  4527 | D:5      | 4527 ||| DRINKING 2 fuming green potions.
  4528 | D:5      | 4528 ||| READING 4 scrolls of identify.
  4528 | D:5      | 4528 ||| IDENTIFYING smoky white potion
  4529 | D:5      | 4529 ||| READING 3 scrolls of identify.
  4529 | D:5      | 4529 ||| IDENTIFYING bubbling coppery potion
  4530 | D:5      | 4530 ||| DROPPING potion of invisibility.
  4531 | D:5      | 4531 ||| DROPPING potion of brilliance.
  4562 | D:6      | 4562 ||| STAIRDANCE
  4693 | D:6      | 4693 ||| FLEEEEING.
  4694 | D:6      | 4694 ||| FLEEEEING.
  4695 | D:6      | 4695 ||| FLEEEEING.
  4696 | D:6      | 4696 ||| FLEEEEING.
  4697 | D:6      | 4697 ||| FLEEEEING.
  4698 | D:6      | 4698 ||| FLEEEEING.
  4699 | D:6      | 4699 ||| FLEEEEING.
  4700 | D:6      | 4700 ||| FLEEEEING.
  4705 | D:6      | Reached skill level 11 in Ranged Weapons
  4960 | D:6      | Reached XP level 9. HP: 78/79 MP: 8/8
  5220 | D:6      | 5220 ||| Stepping ~*~*~tactically~*~*~ (outnumbered).
  5471 | D:6      | Reached skill level 12 in Ranged Weapons
  5889 | D:6      | 5889 ||| UPGRADING to +0 steam dragon scales.
  5899 | D:6      | 5899 ||| DROPPING +2 robe of the Archmagi.
  5900 | D:6      | 5900 ||| DROPPING ring of positive energy.
  5901 | D:6      | 5901 ||| READING scroll labelled TASENESCHAL.
  5902 | D:6      | 5902 ||| READING 2 scrolls of identify.
  5902 | D:6      | 5902 ||| IDENTIFYING inky potion
  5903 | D:6      | 5903 ||| DROPPING potion of ambrosia.
  5959 | D:7      | Reached skill level 3 in Armour
  6240 | D:7      | Found a staircase to the Ecumenical Temple.
  6241 | D:7      | 6241 ||| PLANNING TEMPLE
  6400 | D:7      | 6400 ||| Stepping ~*~*~tactically~*~*~ (outnumbered).
  6405 | D:7      | Reached skill level 6 in Dodging
  6405 | D:7      | 6405 ||| Stepping ~*~*~tactically~*~*~ (outnumbered).
  6575 | D:7      | 6575 ||| READING scroll labelled EPTAWK LEFAO.
  6578 | D:7      | 6578 ||| READING scroll labelled NAMIED SEIKKI.
  6599 | Temple   | Entered the Ecumenical Temple
  6613 | Temple   | 6613 ||| PLANNING OKAWARU WORSHIP
  6646 | Temple   | Became a worshipper of Warmaster Okawaru
  6646 | Temple   | 6646 ||| PLANNING D:1-11
  6704 | D:8      | Found Duotahon's Armour Shop.
  6708 | D:8      | 6708 ||| BUYING +2 pair of gloves (231 gold).
  6708 | D:8      | Bought a +2 pair of gloves for 231 gold pieces
  6807 | D:8      | Found a large runed translucent door.
  6808 | D:8      | Found a large runed translucent door.
  6874 | D:8      | Found Ruhupt's General Store.
  6892 | D:8      | 6892 ||| BUYING +1 robe of Agoraphobia {Dex+4} (295 gold).
  6892 | D:8      | Bought the +1 robe of Agoraphobia {Dex+4} for 295 gold
                  | pieces
  6892 | D:8      | 6892 ||| SHOPLISTING +2 pair of boots of flying (301 gold,
                  | have 168).
  6892 | D:8      | 6892 ||| SHOPLISTING ring of protection from fire (350
                  | gold, have 168).
  7101 | D:8      | Found Gaefotau's Jewellery Emporium.
  7109 | D:8      | 7109 ||| SHOPLISTING +4 ring of slaying (1092 gold, have
                  | 195).
  7109 | D:8      | 7109 ||| SHOPLISTING amulet of reflection (420 gold, have
                  | 195).
  7109 | D:8      | 7109 ||| SHOPLISTING ring of ice (350 gold, have 195).
  7109 | D:8      | 7109 ||| SHOPLISTING ring of protection from cold (350
                  | gold, have 195).
  7118 | D:8      | Found a large runed translucent door.
  7118 | D:8      | Found a large runed translucent door.
  7194 | D:8      | Reached * piety under Okawaru
  7288 | D:8      | Noticed a komodo dragon
  7325 | D:8      | 7325 ||| INVOKING Heroism.
  7327 | D:8      | Reached skill level 13 in Ranged Weapons
  7327 | D:8      | Reached XP level 10. HP: 81/88 MP: 6/9
  7331 | D:8      | 7331 ||| INVOKING Heroism.
  7339 | D:8      | Reached skill level 1 in Invocations
  7383 | D:8      | Identified the +6 spear "Suotampe" {venom, +Blink rC+ Str-4
                  | Int+3}
  7500 | D:8      | Noticed a two-headed ogre
  7501 | D:8      | 7501 ||| INVOKING Heroism.
  7502 | D:8      | Killed a two-headed ogre
  7503 | D:8      | Reached skill level 9 in Fighting
  7503 | D:8      | Reached skill level 3 in Invocations
  7648 | D:8      | Found Wunuph's Book Shoppe.
  7753 | D:8      | 7753 ||| UPGRADING to +2 pair of gloves.
  7763 | D:8      | 7763 ||| DROPPING +0 pair of gloves.
  7764 | D:8      | 7764 ||| UPGRADING to +1 robe of Agoraphobia {Dex+4}.
  7774 | D:8      | 7774 ||| DROPPING +0 steam dragon scales.
  7775 | D:8      | 7775 ||| READING scroll labelled UMOIDW RODIROD.
  7899 | D:8      | 7899 ||| READING scroll labelled GOTHRUH QAEWAGG.
  7921 | D:9      | Noticed Maurice
  7923 | D:9      | Killed Maurice
  8000 | D:9      | Noticed Pikel
  8002 | D:9      | Killed Pikel
  8083 | D:9      | Noticed a two-headed ogre
  8084 | D:9      | 8084 ||| INVOKING Heroism.
  8088 | D:9      | Killed a two-headed ogre
  8088 | D:9      | Reached ** piety under Okawaru
  8133 | D:9      | Reached skill level 14 in Ranged Weapons
  8187 | D:9      | 8187 ||| INVOKING Heroism.
  8201 | D:9      | Found a shimmering altar of Xom.
  8324 | D:9      | Reached XP level 11. HP: 97/97 MP: 13/13
  8332 | D:9      | 8332 ||| INVOKING Heroism.
  8477 | D:9      | Found a broken altar of Ashenzari.
  8531 | D:9      | Noticed Gastronok
  8532 | D:9      | 8532 ||| INVOKING Heroism.
  8537 | D:9      | Killed Gastronok
  8537 | D:9      | Reached *** piety under Okawaru
  8685 | D:9      | 8685 ||| UPGRADING to +0 cloak of poison resistance.
  8690 | D:9      | 8690 ||| UPGRADING to +2 hat.
  8695 | D:9      | 8695 ||| READING 3 scrolls of identify.
  8695 | D:9      | 8695 ||| IDENTIFYING glowing white potion
  8696 | D:9      | 8696 ||| READING 2 scrolls of identify.
  8696 | D:9      | 8696 ||| IDENTIFYING purple potion
  8697 | D:9      | 8697 ||| DROPPING potion of berserk rage.
  8703 | D:10     | Entered Level 10 of the Dungeon
  8710 | D:10     | Noticed a two-headed ogre
  8711 | D:10     | 8711 ||| INVOKING Heroism.
  8712 | D:10     | Killed a two-headed ogre
  9034 | D:10     | 9034 ||| INVOKING Heroism.
  9037 | D:10     | Reached skill level 15 in Ranged Weapons
  9102 | D:10     | 9102 ||| INVOKING Heroism.
  9234 | D:10     | 9234 ||| Stepping ~*~*~tactically~*~*~ (outnumbered).
  9367 | D:10     | Noticed a two-headed ogre
  9368 | D:10     | 9368 ||| INVOKING Heroism.
  9371 | D:10     | Killed a two-headed ogre
  9372 | D:10     | Reached skill level 9 in Dodging
  9462 | D:10     | 9462 ||| DROPPING scarf of harm.
  9492 | D:11     | 9492 ||| PLANNING GAUNTLET
  9548 | D:11     | Noticed a death yak
  9549 | D:11     | 9549 ||| INVOKING Heroism.
  9550 | D:11     | Noticed a death yak
  9552 | D:11     | Killed a death yak
  9553 | D:11     | Noticed a death yak
  9555 | D:11     | Killed a death yak
  9555 | D:11     | Reached **** piety under Okawaru
  9565 | D:11     | Killed a death yak
  9566 | D:11     | Reached skill level 16 in Ranged Weapons
  9610 | D:11     | Found a staircase to the Lair.
  9685 | D:11     | 9685 ||| INVOKING Heroism.
  9714 | D:11     | Found a gate leading to a gauntlet.
  9715 | D:11     | 9715 ||| UPGRADING to +0 troll leather armour.
  9725 | D:11     | 9725 ||| DROPPING +1 robe of Agoraphobia {Dex+4}.
  9729 | D:11     | 9729 ||| INVOKING Heroism.
  9731 | D:11     | Reached XP level 12. HP: 106/106 MP: 12/15
  9733 | Gauntlet | Entered a Gauntlet
  9733 | Gauntlet | Found a transporter.
  9735 | Gauntlet | Noticed a blizzard demon
  9752 | Gauntlet | Found a transporter.
  9770 | Gauntlet | Found a transporter.
  9771 | Gauntlet | Found a transporter.
  9775 | Gauntlet | Noticed a death scarab
  9782 | Gauntlet | Found a transporter.
  9790 | Gauntlet | Noticed a death scarab
  9800 | Gauntlet | Found a transporter.
  9804 | Gauntlet | Found a transporter.
  9808 | Gauntlet | Found a transporter.
  9831 | Gauntlet | Found a transporter.
  9833 | Gauntlet | Found the +2 cloak of the Thief {*Fog Slay-2 SInv Stlth+}
  9851 | Gauntlet | Found a transporter.
  9855 | Gauntlet | Found a transporter.
  9863 | Gauntlet | Found a transporter.
  9910 | Gauntlet | 9910 ||| INVOKING Heroism.
  9912 | Gauntlet | HP: 24/106 [sixfirhy (11)]
  9913 | Gauntlet | 9913 ||| DRINKING 3 potions of heal wounds.
  9914 | Gauntlet | HP: 8/106 [sixfirhy (12)]
  9915 | Gauntlet | 9915 ||| DRINKING 2 potions of heal wounds.
  9916 | Gauntlet | Slain by a sixfirhy

Levels and vault maps discovered:
D:1:      psy_arrival_conway, layout_loops_ring, serial_forest,
          infiniplex_forest_corner_2, infiniplex_forest_end_1,
          infiniplex_forest_clump_curved, infiniplex_forest_split,
          infiniplex_forest_clump_long, infiniplex_forest_straight_4,
          infiniplex_forest_straight_4, grunt_decor_arrowhead,
          minmay_crystal_room, chequers_garden
D:2:      layout_loops_cross, shapermc_ecumenical_altar_gd, uniq_natasha
D:3:      layout_basic, uniq_jessica
D:4:      minmay_angry_zag, layout_gridville, zin_purify,
          gup_ossuary_entry_pyramid, serial_shops, shop, minmay_pentomino_pile
D:5:      layout_gridville, serial_shops, nicolae_shop_behind_doors,
          kennysheep_boxes, uniq_eustachio, uniq_menkaure, uniq_ijyb
D:6:      minmay_polygon_palace, layout_cave_pods, nicolae_grassy_gnolls
D:7:      layout_basic, temple_pool_b, chequers_serial_rivers_micro_e
D:8:      layout_basic, serial_shops, shop, shop,
          nicolae_shop_tiny_real_fake_doors, kennysheep_mini,
          nicolae_eternal_life, minmay_hollow_rounded_squares
D:9:      layout_basic, kennysheep_mini_moat, lemuel_coloured_pillars_altar,
          uniq_maurice, uniq_pikel, uniq_gastronok
D:10:     layout_roguey
D:11:     layout_stronghold, dpeg_lair_monsters, david_orc_4,
          gauntlet_entry_generic
Temple:   hellmonk_temple_of_storms
Gauntlet: minmay_gauntlet_mixed_oops_all_seconds
          [minmay_gauntlet_arena_77_block_sizes,
          nicolae_gauntlet_arena_flowing_pool, minmay_gauntlet_arena_77_mess,
          nicolae_gauntlet_swirl, minmay_gauntlet_arena_77_broken_ladder,
          gammafunk_gauntlet_arena_teeth,
          nicolae_gauntlet_exit_dead_adventurers]

Skill      XL: |  1  2  3  4  5  6  7  8  9 10 11 |
---------------+----------------------------------+-----
Ranged Weapons | 5 6 7 8 9 11 13 14 16 | 16.0
Fighting       | 3 4 5 6 7 8 9 10 | 10.2
Armour         | 1 2 3 |  3.6
Dodging        | 3 5 6 8 9 |  9.4
Invocations    | 4 5 |  5.6
Stealth        | |  0.7

Action                     |  1- 3 |  4- 6 |  7- 9 | 10-12 || total
---------------------------+-------+-------+-------+-------++-------
   Fire: Shortbow          |    92 |   160 |   114 |       ||   366
         Arbalest          |       |       |   235 |   152 ||   387
 Invoke: Heroism           |       |       |     1 |    14 ||    15
    Use: Scroll            |     3 |     9 |     8 |     4 ||    24
         Potion            |       |     9 |     2 |     2 ||    13
 Armour: Leather armour    |    10 |       |       |       ||    10
         Ring mail         |     1 |    26 |     4 |       ||    31
         Robe              |       |       |    51 |    27 ||    78
         Steam dragon scal |       |       |    19 |     9 ||    28
         Troll leather arm |       |       |       |    16 ||    16
  Dodge: Dodged            |    16 |    20 |   130 |   146 ||   312

Table legend:
 A = Non-vault XP
 B = Vault XP
 C = Vault XP percentage of total XP
 D = Non-vault monster count
 E = Vault monster count
 F = Vault count percentage of total count
                 A         B        C        D         E       F
            +---------+---------+-------+---------+---------+-------
      Total |   13087 |    8905 |  40.5 |     189 |      68 |  26.5
            +---------+---------+-------+---------+---------+-------
        D:1 |      39 |       0 |   0.0 |      22 |       0 |   0.0
        D:2 |      14 |      33 |  70.2 |       9 |       1 |  10.0
        D:3 |      92 |      37 |  28.7 |      21 |       1 |   4.5
        D:4 |     377 |     136 |  26.5 |      17 |       8 |  32.0
        D:5 |     778 |     396 |  33.7 |      19 |       3 |  13.6
        D:6 |     708 |    1061 |  60.0 |      25 |      21 |  45.7
        D:7 |     741 |       0 |   0.0 |      14 |       0 |   0.0
        D:8 |    1451 |    1155 |  44.3 |      19 |       7 |  26.9
        D:9 |    3399 |    2472 |  42.1 |      15 |       3 |  16.7
       D:10 |    3482 |       0 |   0.0 |      20 |       0 |   0.0
       D:11 |    2006 |    3460 |  63.3 |       8 |       8 |  50.0
    Ossuary |       0 |     155 | 100.0 |       0 |      16 | 100.0
            +---------+---------+-------+---------+---------+-------
